TOP OF THE 1ST |
Seattle Pikes batting - Pitching for Vista Panthers : RHP Randy Mailman
|
Pitching: RHP Randy Mailman
|
|
Batting: RHB Wallace Greene
|
0-0: Foul Ball, location: 2F 0-1: Swinging Strike 0-2: Ball 1-2: Strikes out swinging
|
Batting: LHB Roberto Lozano
|
0-0: Ball 1-0: Ball 2-0: Called Strike 2-1: Fly out, F7 (Flyball, 7LS)
|
Batting: RHB Pete Rideout
|
0-0: Swinging Strike 0-1: Ball 1-1: Foul Ball, location: 2F 1-2: Foul Ball, location: 2F 1-2: Strikes out looking
|
Top of the 1st over - 0 run(s), 0 hit(s), 0 error(s), 0 left on base; Seattle 0 - Vista 0 |
BOTTOM OF THE 1ST |
Vista Panthers batting - Pitching for Seattle Pikes : LHP David Hill
|
Pitching: LHP David Hill
|
|
Batting: RHB Johnny Williams
|
0-0: Ball 1-0: Ball 2-0: Bunted foul 2-1: Fly out, F8 (Flyball, 8LS)
|
Batting: RHB Salvador Salas
|
0-0: Called Strike 0-1: Foul Ball, location: 2F 0-2: Ball 1-2: Ball 2-2: Ball 3-2: Base on Balls
|
Batting: RHB Alfredo Rivera
|
0-0: Ball 1-0: SINGLE (Line Drive, 56) Salvador Salas to second
|
Batting: LHB Dante Owens
|
0-0: Ball 1-0: Foul Ball, location: 2F 1-1: Ball 2-1: Foul Ball, location: 2F 2-2: Grounds into double play, 4-6-3 (Groundball, 4M)
|
Bottom of the 1st over - 0 run(s), 1 hit(s), 0 error(s), 1 left on base; Seattle 0 - Vista 0 |
TOP OF THE 2ND |
Seattle Pikes batting - Pitching for Vista Panthers : RHP Randy Mailman
|
Batting: RHB Iván Gonzáles
|
0-0: Swinging Strike 0-1: Foul Ball, location: 2F 0-2: SINGLE (Groundball, 34D)
|
Batting: RHB Bill Mark
|
0-0: Called Strike 0-1: Called Strike 0-2: Ground out 6-3 (Groundball, 6MS) Iván Gonzáles to second
|
Batting: RHB Manuel Rico
|
0-0: Ball 1-0: Fly out, F9 (Flyball, 9S)
|
Batting: LHB Eduardo Gómez
|
0-0: Foul Ball, location: 2F 0-1: Foul Ball, location: 2F 0-2: Foul Ball, location: 2F 0-2: Strikes out swinging
|
Top of the 2nd over - 0 run(s), 1 hit(s), 0 error(s), 1 left on base; Seattle 0 - Vista 0 |
BOTTOM OF THE 2ND |
Vista Panthers batting - Pitching for Seattle Pikes : LHP David Hill
|
Batting: SHB Mark Wells
|
0-0: Called Strike 0-1: Ball 1-1: Called Strike 1-2: Fly out, F8 (Line Drive, 89S)
|
Batting: LHB Bob Cunningham
|
0-0: Ball 1-0: Called Strike 1-1: Swinging Strike 1-2: SINGLE (Groundball, 4MD)
|
Batting: RHB Mario Beltrán
|
0-0: Ball 1-0: Ball 2-0: DOUBLE (Groundball, 3L) Bob Cunningham to third Runner from 3rd tries for Home, SAFE, throw made at trailing runner, SAFE at third!
|
Batting: RHB Justin Burgess
|
0-0: Foul Ball, location: 2F 0-1: SINGLE (Groundball, 6D) Mario Beltrán scores
|
Batting: RHB Griswold Coleman
|
0-0: Ball 1-0: Swinging Strike 1-1: Called Strike 1-2: Ball 2-2: Ball 3-2: Base on Balls Justin Burgess to second
|
Batting: RHB Johnny Williams
|
0-0: Called Strike 0-1: Swinging Strike 0-2: Ball 1-2: Ball 2-2: Ball 3-2: Strikes out swinging
|
Batting: RHB Salvador Salas
|
0-0: Ball 1-0: Swinging Strike 1-1: Fielders Choice at 2nd, 6-4 (Groundball, 6)
|
Bottom of the 2nd over - 2 run(s), 3 hit(s), 0 error(s), 1 left on base; Seattle 0 - Vista 2 |
TOP OF THE 3RD |
Seattle Pikes batting - Pitching for Vista Panthers : RHP Randy Mailman
|
Batting: RHB Henning Huisman
|
0-0: Ball 1-0: Called Strike 1-1: Called Strike 1-2: Strikes out swinging
|
Batting: LHB Richard Hunter
|
0-0: Bunted foul 0-1: Foul Ball, location: 2F 0-2: Fly out, F7 (Flyball, 7)
|
Batting: RHB Wallace Greene
|
0-0: Swinging Strike 0-1: Ball 1-1: Ball 2-1: Ball 3-1: Foul Ball, location: 2F 3-2: Strikes out looking
|
Top of the 3rd over - 0 run(s), 0 hit(s), 0 error(s), 0 left on base; Seattle 0 - Vista 2 |
BOTTOM OF THE 3RD |
Vista Panthers batting - Pitching for Seattle Pikes : LHP David Hill
|
Batting: RHB Alfredo Rivera
|
0-0: Swinging Strike 0-1: Called Strike 0-2: Ball 1-2: Foul Ball, location: 2F 1-2: Fly out, F7 (Line Drive, 78D)
|
Batting: LHB Dante Owens
|
0-0: Foul Ball, location: 2F 0-1: Ball 1-1: Ground out 6-3 (Groundball, 6)
|
Batting: SHB Mark Wells
|
0-0: Ball 1-0: Swinging Strike 1-1: Foul Ball, location: 2F 1-2: Foul Ball, location: 2F 1-2: Ball 2-2: Foul Ball, location: 2F 2-2: Fly out, F4 (Flyball, 34D)
|
Bottom of the 3rd over - 0 run(s), 0 hit(s), 0 error(s), 0 left on base; Seattle 0 - Vista 2 |
TOP OF THE 4TH |
Seattle Pikes batting - Pitching for Vista Panthers : RHP Randy Mailman
|
Batting: LHB Roberto Lozano
|
0-0: Ball 1-0: Swinging Strike 1-1: Swinging Strike 1-2: TRIPLE (Line Drive, 9LD)
|
Batting: RHB Pete Rideout
|
0-0: Ball 1-0: Ball 2-0: Ground out 1-3 (Groundball, 15)
|
Batting: RHB Iván Gonzáles
|
0-0: Swinging Strike 0-1: Swinging Strike 0-2: Strikes out swinging
|
Batting: RHB Bill Mark
|
0-0: Foul Ball, location: 2F 0-1: Ball 1-1: Ball 2-1: Ball 3-1: Fly out, F8 (Line Drive, 78M)
|
Top of the 4th over - 0 run(s), 1 hit(s), 0 error(s), 1 left on base; Seattle 0 - Vista 2 |
BOTTOM OF THE 4TH |
Vista Panthers batting - Pitching for Seattle Pikes : LHP David Hill
|
Batting: LHB Bob Cunningham
|
0-0: Called Strike 0-1: Ball 1-1: Foul Ball, location: 2F 1-2: Foul Ball, location: 2F 1-2: SINGLE (Line Drive, 78M)
|
Batting: RHB Mario Beltrán
|
0-0: Ball 1-0: Called Strike 1-1: Fly out, F9 (Flyball, 9LM)
|
Batting: RHB Justin Burgess
|
0-0: Called Strike 0-1: SINGLE (Line Drive, 89S) Bob Cunningham to second Runner from 2nd tries for 3rd, SAFE, no throw
|
Batting: RHB Griswold Coleman
|
0-0: Foul Ball, location: 2F 0-1: Ball 1-1: Ground out 5-3 (Groundball, 5S) Bob Cunningham scores Justin Burgess to second
|
Batting: RHB Johnny Williams
|
0-0: Called Strike 0-1: Ball 1-1: Ball 2-1: Foul Ball, location: 2F 2-2: Foul Ball, location: 2F 2-2: Ball 3-2: Foul Ball, location: 2F 3-2: Ground out 1-3 (Groundball, P)
|
Bottom of the 4th over - 1 run(s), 2 hit(s), 0 error(s), 1 left on base; Seattle 0 - Vista 3 |
TOP OF THE 5TH |
Seattle Pikes batting - Pitching for Vista Panthers : RHP Randy Mailman
|
Pitching: RHP Yajirobei Endo
|
|
Batting: RHB Manuel Rico
|
0-0: Foul Ball, location: 2F 0-1: Ball 1-1: Ground out 5-3 (Groundball, 5S)
|
Batting: LHB Eduardo Gómez
|
0-0: Fly out, F8 (Flyball, 8RD)
|
Batting: RHB Henning Huisman
|
0-0: Called Strike 0-1: Ball 1-1: Fly out, F6 (Line Drive, 6)
|
Top of the 5th over - 0 run(s), 0 hit(s), 0 error(s), 0 left on base; Seattle 0 - Vista 3 |
BOTTOM OF THE 5TH |
Vista Panthers batting - Pitching for Seattle Pikes : LHP David Hill
|
Pitching: LHP Raymond Ritchie
|
|
Batting: RHB Salvador Salas
|
0-0: Ball 1-0: Ground out 4-3 (Groundball, 4MS)
|
Batting: RHB Alfredo Rivera
|
0-0: Swinging Strike 0-1: Ball 1-1: SINGLE (Groundball, 6MD)
|
Batting: LHB Dante Owens
|
0-0: Ball 1-0: Called Strike 1-1: Ball 2-1: Foul Ball, location: 2F 2-2: Ball 3-2: DOUBLE (Line Drive, 9D) Alfredo Rivera to third Runner from 3rd tries for Home, SAFE, no throw
|
Batting: SHB Mark Wells
|
0-0: Foul Ball, location: 2F 0-1: Foul Ball, location: 2F 0-2: Strikes out swinging
|
Batting: LHB Bob Cunningham
|
0-0: Ball 1-0: SINGLE (Flyball, 7LS) Dante Owens to third Runner from 3rd tries for Home, SAFE, throw made home Bob Cunningham to second
|
Batting: RHB Mario Beltrán
|
0-0: Ground out 6-3 (Groundball, 56)
|
Bottom of the 5th over - 2 run(s), 3 hit(s), 0 error(s), 1 left on base; Seattle 0 - Vista 5 |
TOP OF THE 6TH |
Seattle Pikes batting - Pitching for Vista Panthers : RHP Yajirobei Endo
|
Batting: LHB Richard Hunter
|
0-0: Ball 1-0: Foul Ball, location: 2F 1-1: Ground out U3 (Groundball, 34)
|
Batting: RHB Wallace Greene
|
0-0: Called Strike 0-1: Ball 1-1: Foul Ball, location: 2F 1-2: Foul Ball, location: 2F 1-2: Ground out 5-3 (Groundball, 5)
|
Batting: LHB Roberto Lozano
|
0-0: Ball 1-0: SINGLE (Line Drive, 7S)
|
Batting: RHB Pete Rideout
|
0-0: SINGLE (Line Drive, 4MD) Roberto Lozano to second
|
Batting: RHB Iván Gonzáles
|
0-0: Called Strike 0-1: Ball 1-1: Foul Ball, location: 2F 1-2: Foul Ball, location: 2F 1-2: Ball 2-2: Strikes out looking
|
Top of the 6th over - 0 run(s), 2 hit(s), 0 error(s), 2 left on base; Seattle 0 - Vista 5 |
BOTTOM OF THE 6TH |
Vista Panthers batting - Pitching for Seattle Pikes : LHP Raymond Ritchie
|
Pitching: RHP Gil Dickson
|
|
Batting: RHB Justin Burgess
|
0-0: Ball 1-0: Ball 2-0: Swinging Strike 2-1: Ball 3-1: Base on Balls
|
Batting: RHB Griswold Coleman
|
0-0: 2-RUN HOME RUN (Flyball, 78XD), Distance : 438 ft
|
Pinch Hitting: LHB Noriaki Sangi
|
0-0: Fly out, F3 (Line Drive, 3S)
|
Pinch Hitting: LHB Brent Alonzo
|
0-0: Called Strike 0-1: Fly out, F2 (Popup, 3S)
|
Pinch Hitting: RHB Alfredo López
|
0-0: Ground out 5-3 (Groundball, 56)
|
Bottom of the 6th over - 2 run(s), 1 hit(s), 0 error(s), 0 left on base; Seattle 0 - Vista 7 |
TOP OF THE 7TH |
Seattle Pikes batting - Pitching for Vista Panthers : RHP Yajirobei Endo
|
Now at 1B: Noriaki Sangi
|
|
Now at SS: Brent Alonzo
|
|
Now in RF: Phil Matthews
|
|
Batting: RHB Bill Mark
|
0-0: Foul Ball, location: 2F 0-1: SINGLE (Groundball, 6MD)
|
Batting: RHB Manuel Rico
|
0-0: SINGLE (Line Drive, 56D) Bill Mark to second
|
Batting: LHB Eduardo Gómez
|
0-0: Ball 1-0: Fielders Choice at 2nd, 3-6 (Groundball, 3) Bill Mark to third
|
Batting: RHB Henning Huisman
|
0-0: Ball 1-0: Ball 2-0: Called Strike 2-1: Ball 3-1: Foul Ball, location: 2F 3-2: DOUBLE (Flyball, 9D) Bill Mark scores Eduardo Gómez to third
|
Batting: LHB Richard Hunter
|
0-0: Called Strike 0-1: 3-RUN HOME RUN (Flyball, 8RXD), Distance : 436 ft
|
Pitching: RHP Alonso Gallardo
|
|
Batting: RHB Wallace Greene
|
0-0: Called Strike 0-1: Ball 1-1: Fly out, F8 (Flyball, 8RD)
|
Pinch Hitting: RHB Murai Ishihara
|
0-0: Ball 1-0: SINGLE (Groundball, 34D)
|
Pinch Hitting: RHB Robinson Pacheco
|
0-0: Ball 1-0: Swinging Strike 1-1: Foul Ball, location: 2F 1-2: Strikes out swinging
|
Top of the 7th over - 4 run(s), 5 hit(s), 0 error(s), 1 left on base; Seattle 4 - Vista 7 |
BOTTOM OF THE 7TH |
Vista Panthers batting - Pitching for Seattle Pikes : RHP Gil Dickson
|
Pitching: LHP Manny Sandoval
|
|
Now at 2B: Murai Ishihara
|
|
Now in CF: Don Soper
|
|
Pinch Hitting: LHB Francisco Marino
|
0-0: Called Strike 0-1: Called Strike 0-2: Foul Ball, location: 2F 0-2: Ball 1-2: Ball 2-2: Strikes out swinging
|
Batting: LHB Ramiro Martínez
|
0-0: Ball 1-0: Called Strike 1-1: Called Strike 1-2: Foul Ball, location: 2F 1-2: Ball 2-2: Ball 3-2: Ground out 4-3 (Groundball, 4)
|
Batting: LHB Bob Cunningham
|
0-0: Foul Ball, location: 2F 0-1: Called Strike 0-2: Ball 1-2: Foul Ball, location: 2F 1-2: Reached via error on a dropped throw, E1
|
Batting: RHB Mario Beltrán
|
0-0: Ball 1-0: DOUBLE (Line Drive, 7LM) Bob Cunningham to third
|
Pinch Hitting: RHB António López
|
0-0: Ball 1-0: Ball 2-0: Hit by Pitch
|
Pinch Hitting: LHB Francisco Medina
|
0-0: Called Strike 0-1: Foul Ball, location: 2F 0-2: Foul Ball, location: 2F 0-2: Ball 1-2: Strikes out swinging
|
Bottom of the 7th over - 0 run(s), 1 hit(s), 1 error(s), 3 left on base; Seattle 4 - Vista 7 |
TOP OF THE 8TH |
Seattle Pikes batting - Pitching for Vista Panthers : RHP Alonso Gallardo
|
Now at 3B: António López
|
|
Now at SS: Francisco Marino
|
|
Now in LF: Francisco Medina
|
|
Pinch Hitting: SHB António Hernández
|
0-0: Ball 1-0: DOUBLE (Flyball, 8RXD)
|
Pinch Hitting: LHB John Nicholson
|
0-0: Ground out 4-3 (Groundball, 4M) António Hernández to third
|
Pinch Hitting: RHB Roberto Zamora
|
0-0: Ball 1-0: Ball 2-0: Ball 3-0: Called Strike 3-1: Foul Ball, location: 2F 3-2: 2-RUN HOME RUN (Flyball, 7D), Distance : 379 ft
|
Pitching: LHP Enrique Muńóz
|
|
Pinch Hitting: RHB Arnold Harmon
|
0-0: Called Strike 0-1: Fly out, F4 (Line Drive, 34)
|
Pinch Hitting: RHB Hamilton Holbrook
|
0-0: Ball 1-0: Fly out, F9 (Flyball, 9LSF)
|
Top of the 8th over - 2 run(s), 2 hit(s), 0 error(s), 0 left on base; Seattle 6 - Vista 7 |
BOTTOM OF THE 8TH |
Vista Panthers batting - Pitching for Seattle Pikes : LHP Manny Sandoval
|
Now at 2B: Roberto Zamora
|
|
Now at 3B: Arnold Harmon
|
|
Now at SS: Gary Kern
|
|
Now in LF: Hamilton Holbrook
|
|
Now in RF: John Nicholson
|
|
Batting: LHB Noriaki Sangi
|
0-0: Ball 1-0: Swinging Strike 1-1: Called Strike 1-2: Ground out U3 (Groundball, 3L)
|
Batting: LHB Brent Alonzo
|
0-0: Ball 1-0: Called Strike 1-1: Fly out, F6 (Line Drive, 6M)
|
Batting: RHB Phil Matthews
|
0-0: Ball 1-0: Ball 2-0: Called Strike 2-1: Ball 3-1: Base on Balls
|
Batting: LHB Francisco Marino
|
0-0: Called Strike 0-1: Called Strike 0-2: Ball 1-2: Ball Phil Matthews steals 2nd base 2-2: Ball 3-2: Strikes out swinging
|
Bottom of the 8th over - 0 run(s), 0 hit(s), 0 error(s), 1 left on base; Seattle 6 - Vista 7 |
TOP OF THE 9TH |
Seattle Pikes batting - Pitching for Vista Panthers : LHP Enrique Muńóz
|
Pitching: RHP David Simpson
|
|
Batting: RHB Robert Johnson
|
0-0: Called Strike 0-1: Foul Ball, location: 2F 0-2: Fly out, F8 (Flyball, 8LM)
|
Pinch Hitting: LHB Brandon Cummings
|
0-0: Ball 1-0: Ball 2-0: Ball 3-0: Called Strike 3-1: Ground out U3 (Groundball, 34)
|
Batting: RHB Murai Ishihara
|
0-0: Called Strike 0-1: Ball 1-1: SINGLE (Line Drive, 8LS)
|
Batting: LHB Don Soper
|
0-0: Ball 1-0: Swinging Strike 1-1: Foul Ball, location: 2F 1-2: Ball 2-2: Strikes out swinging
|
Top of the 9th over - 0 run(s), 1 hit(s), 0 error(s), 1 left on base; Seattle 6 - Vista 7 |
|